 Dungeon Crawl Stone Soup version 0.26.1-11-gd32895ea62 (webtiles) character file.

Game seed: 6867961757014089040

377 Tirrikindir the Slasher (level 6, -3/43 HPs)
             Began as an Octopode Fighter on June 4, 2021.
             Killed from afar by an orc wizard (8 damage)
             ... with a magic dart
             ... on level 5 of the Dungeon.
             The game lasted 00:08:35 (4045 turns).

Tirrikindir the Slasher (Octopode Fighter)          Turns: 4045, Time: 00:08:36

Health: -3/43      AC:  1    Str: 16    XL:     6   Next: 73%
Magic:  6/6        EV: 13    Int: 12    God:
Gold:   182        SH:  0    Dex: 15    Spells: 5/5 levels left

rFire    . . .     SeeInvis .   a - +1 long sword
rCold    . . .     Faith    .   b - +0 kite shield
rNeg     . . .     Spirit   .   (helmet restricted)
rPois    .         Reflect  .   l - amulet of the acrobat
rElec    .         Harm     .   (no ring)
rCorr    .         Rampage  .   (no ring)
Will     .....                  (no ring)
Stlth    ++........             (no ring)
HPRegen  0.14/turn              (no ring)
MPRegen  0.10/turn              (no ring)
                                (no ring)
                                (no ring)

@: confused, lethally poisoned (-3 -> -19)
A: almost no armour, stealthy swim, amphibious, 8 rings, constrict 8, camouflage
1, agile 1, blurry vision 1, clever 1, sense surroundings 1, gelatinous body 1
a: no special abilities


You were on level 5 of the Dungeon.
You visited 1 branch of the dungeon, and saw 5 of its levels.

You collected 182 gold pieces.

Inventory:

Hand Weapons
 a - a +1 long sword (weapon)
 f - a +1 dagger of speed
Missiles
 i - 5 boomerangs (quivered)
Armour
 b - a +0 kite shield (worn)
Jewellery
 l - an amulet of the acrobat (around mantle)
Scrolls
 d - 3 scrolls of amnesia
 k - 3 scrolls of remove curse
 o - 2 scrolls of identify
Potions
 c - 2 potions of might
 e - 2 potions of magic
 g - 7 potions of haste
 h - a potion of resistance
 j - a potion of invisibility
 n - 2 potions of cancellation


   Skills:
 - Level 4.0 Fighting
 * Level 4.4 Long Blades
 - Level 4.0 Dodging
 + Level 3.5 Stealth
 - Level 4.0 Shields


You had 5 spell levels left.
You didn't know any spells.
Your spell library was empty.

Dungeon Overview and Level Annotations

Branches:
Dungeon (5/15)
 Temple: D:4-7

Altars:
Fedhas


Innate Abilities, Weirdness & Mutations

You cannot wear most types of armour.
You are very stealthy in the water. (Stealth+)
You are amphibious.
You can wear up to eight rings at the same time.
You can use your tentacles to constrict eight enemies at once.
Your skin changes colour to match your surroundings (Stealth+).
Your rubbery body absorbs attacks. (AC +1, EV +1)
You are agile. (Dex +2)
Scrolls take you a little longer to read.
Your mind is acute. (Int +2)
You passively map a small area around you.


Message History

Training target 4.0 for Dodging reached!
Your Dodging skill increases to level 4!
You slash the orc!
You kill the orc!
You feel very sick. The orc wizard misses you.
The orc hits you with a +0 falchion.
* * * LOW HITPOINT WARNING * * *
You are confused.
You feel invigorated.
You feel sick.
The orc wizard looks encouraged for a moment.
The orc barely misses you.
You miss the orc wizard. You squeeze the orc wizard!
The orc wizard is heavily wounded.
You feel sick.
The orc wizard hits you with a +0 dagger.
The orc hits you with a +0 falchion!
* * * LOW HITPOINT WARNING * * *
The orc wizard gestures at you while chanting.
The magic dart hits you!
You die...

,,
............#
............#
,
..........###
, ..........#
, ^.........#
..........#
,,
..........#
.#.....#####
*#....@)...#
#...oo†...#
#.........# *
#.........# ,
#.........#
##........#
** #.......##
#.......# *,
,


You could see an orc wizard and an orc.

Vanquished Creatures
  A scorpion (D:4)
  2 hounds
  An orc priest (D:5)
  Crazy Yiuf (D:2)
  An orc wizard (D:3)
  A hound skeleton (D:4)
  3 gnolls (D:4)
  5 adders
  2 worms
  A dart slug (D:2)
  4 leopard geckos
  16 orcs
  9 giant cockroaches
  5 goblins
  4 hobgoblins (D:1)
  8 kobolds
  A quokka (D:4)
  2 bats
  5 frilled lizards
  A quokka skeleton (D:5)
  5 rats
78 creatures vanquished.

Vanquished Creatures (others)
  A fungus (D:2)
  6 plants (D:1)
7 creatures vanquished.

Grand Total: 85 creatures vanquished

Notes
Turn   | Place    | Note
-------+----------+-------------------------------------------
     0 | D:1      | Tirrikindir the Octopode Fighter began the quest for the
                  | Orb.
     0 | D:1      | Reached XP level 1. HP: 16/16 MP: 1/1
   214 | D:1      | Reached XP level 2. HP: 17/21 MP: 2/2
   374 | D:1      | Reached skill level 1 in Stealth
   725 | D:1      | Reached XP level 3. HP: 26/26 MP: 3/3
  1653 | D:2      | Found a runed translucent door.
  1654 | D:2      | Noticed Crazy Yiuf
  1662 | D:2      | Killed Crazy Yiuf
  1663 | D:2      | Reached XP level 4. HP: 12/31 MP: 4/4
  2069 | D:3      | Found a blossoming altar of Fedhas.
  2231 | D:3      | Reached XP level 5. HP: 24/36 MP: 5/5
  3399 | D:4      | Reached XP level 6. HP: 37/43 MP: 6/6
  3978 | D:5      | Entered Level 5 of the Dungeon
  4010 | D:5      | Gained mutation: You are agile. (Dex +2) [potion of
                  | mutation]
  4010 | D:5      | Gained mutation: Your mind is acute. (Int +2) [potion of
                  | mutation]
  4010 | D:5      | Gained mutation: Scrolls take you a little longer to read.
                  | [potion of mutation]
  4010 | D:5      | Gained mutation: You passively map a small area around you.
                  | [potion of mutation]
  4045 | D:5      | Killed from afar by an orc wizard

Illustrated notes

Levels and vault maps discovered:
D:1:      dpeg_arrival_rooms_b, layout_basic, lexackson_kobold_supper
D:2:      layout_basic, uniq_crazy_yiuf_cottage
D:3:      layout_basic, nicolae_overflow_crystal_walls, minmay_unequal
D:4:      layout_rooms
D:5:      minmay_bubble_buster, layout_basic, nicolae_qazlal_eye_of_the_storm,
          patterned_corridor

Skill      XL: |  1  2  3  4  5  6 |
---------------+-------------------+-----
Stealth        | 1 2 3 |  3.5
Long Blades    | 3 4 |  4.4
Fighting       | 4 |  4.0
Shields        | 4 |  4.0
Dodging        | 4 |  4.0

Action                   |  1- 3 |  4- 6 || total
-------------------------+-------+-------++-------
Melee: Long sword        |    54 |    94 ||   148
       Constrict         |    17 |    29 ||    46
       Tentacles         |     8 |    17 ||    25
Throw: Boomerang         |       |     3 ||     3
  Use: Scroll            |     7 |     6 ||    13
       Potion            |       |     3 ||     3
 Stab: Sleeping          |     4 |     3 ||     7
Armor: Skin              |     3 |     2 ||     5
Dodge: Dodged            |    18 |    51 ||    69
Block: Kite shield       |    17 |    34 ||    51
       Rpst.: Long sword |     4 |    13 ||    17
